 Dungeon Crawl Stone Soup version 0.31-a0-1603-gbec6b6ccbf (webtiles) character file.

Game seed: 16540136949493940379

71 benadryl the Magician (level 4, -11/24 HPs)
             Began as a Deep Elf Alchemist on Jan 7, 2024.
             Mangled by a gnoll
             ... wielding a +0 halberd
              (14 damage)
             ... on level 1 of the Dungeon.
             The game lasted 00:05:34 (2083 turns).

benadryl the Magician (Deep Elf Alchemist)          Turns: 2083, Time: 00:05:34

Health: -11/24     AC:  2    Str:  5    XL:     4   Next: 5%
Magic:  12/13      EV: 12    Int: 22    God:
Gold:   59         SH:  0    Dex: 15    Spells: 13/14 levels left

rFire   . . .        l - +2 short sword (speed)
rCold   . . .        (no shield)
rNeg    . . .        a - +0 robe
rPois   .            (no helmet)
rElec   .            (no cloak)
rCorr   .            (no gloves)
SInv    .            (no boots)
Will    .....        (no amulet)
Stlth   ++           (no ring)
HPRegen 0.24/turn    (no ring)
MPRegen 0.13/turn

%: no passive effects
@: no status effects
A: no striking features
a: no special abilities


You were on level 1 of the Dungeon.
You visited 1 branch of the dungeon, and saw 2 of its levels.

You collected 59 gold pieces.

Inventory:

Hand Weapons
 l - a +2 short sword of speed (weapon)
Armour
 a - a +0 robe (worn)
Jewellery
 c - a ring of fire
Scrolls
 d - a scroll of blinking
 h - a scroll of teleportation
Potions
 b - 2 potions of magic
 i - a potion of resistance


   Skills:
 - Level 2.4 Dodging
 - Level 2.4 Stealth
 - Level 5.5 Spellcasting
 * Level 1.8 Conjurations
 - Level 3.4 Alchemy


You had 13 spell levels left.
You knew the following spells:

 Your Spells              Type           Power      Damage    Failure   Level
a - Sting                 Conj/Alch      68%        1d7       3%          1

Your spell library contained the following spells:

 Spells                   Type           Power      Damage    Failure   Level
 Mercury Vapours          Alch/Air       26%        N/A       7%          2
 Mephitic Cloud           Conj/Alch/Air  13%        N/A       14%         3
 Olgreb's Toxic Radiance  Alch           21%        N/A       24%         4
 Sticky Flame             Fire/Alch      13%        2d5       43%         4
 Summon Forest            Summ/Tloc      3%         N/A       95%         5
 Eringya's Noxious Bog    Alch           10%        4d6       98%         6
 Summon Hydra             Summ           3%         N/A       100%        7


Dungeon Overview and Level Annotations

Branches:
Dungeon (2/15)

Altars:

Shops:
D:2 *


Message History

The sting hits the gnoll but does no damage.
The gnoll is poisoned.
The ball python hisses angrily.
The gnoll misses you.
There is a stone staircase leading up here.
The gnoll hits you with a +0 halberd! The gnoll barely misses you.
You climb upwards.
There is a stone staircase leading down, spattered with blood here.
You see here a +0 club.
Aiming: Sting (safe; 3% risk of failure)
Press: ? - help, Q - select action Shift-Dir - straight line, f - gnoll
Aim: a gnoll, wielding a +0 halberd and wearing a +0 ring mail (moderately wounded, poisoned, 81% to hit)
The sting hits the gnoll but does no damage.
The gnoll looks even sicker.
The gnoll is moderately wounded.
The gnoll closely misses you.
The gnoll hits you from afar with a +0 halberd!
* * * LOW HITPOINT WARNING * * *
Things that are here:
3 stones; a +0 short sword; a +0 dagger The gnoll attacks as it pursues you!
The gnoll closely misses you. The gnoll attacks as it pursues you!
The gnoll hits you from afar with a +0 halberd.
* * * LOW HITPOINT WARNING * * *
You aren't carrying any items that you can evoke.
You feel better. The gnoll barely misses you.
Aiming: Sting (safe; 3% risk of failure)
Press: ? - help, Q - select action Shift-Dir - straight line, f/p - gnoll
Aim: a gnoll, wielding a +0 halberd and wearing a +0 ring mail (heavily wounded, poisoned, 81% to hit)
The sting hits the gnoll but does no damage.
The gnoll looks even sicker.
The gnoll is heavily wounded.
The gnoll hits you from afar with a +0 halberd!
Ouch! That really hurt!
* * * LOW HITPOINT WARNING * * *
The gnoll attacks as it pursues you! The gnoll barely misses you.
The gnoll attacks as it pursues you!
The gnoll hits you from afar with a +0 halberd!
Ouch! That really hurt!
You die...

##.#.## #.# #.# #..
##.###.####.####.#####.#
#.##.................#.#
##.#........####.###.#.#
##...#####.............
##..# #..............
#..# #.#####........
####..####.# #.#####.#
#....g.@...# #.# #.#
#.##.###.### #.# #.#
#.##.# #.# #.# #.#
#.##.# #.# ##.#####.#
#.##.# #.# #.........
#(##.# #.# #.....##.#
##>##.#
#.######.###.##.#
#..##.###.#......#
#.##.#
#.###........#####
#.##.#


You could see a gnoll (poisoned).

Vanquished Creatures
  A gnoll (D:1)
  An adder (D:1)
  An adder skeleton (D:2)
  A dart slug (D:1)
  2 bats
  5 endoplasms
  5 giant cockroaches (D:1)
  4 goblins
  4 hobgoblins
  3 kobolds (D:1)
  3 quokkas (D:1)
  3 ball pythons
  4 frilled lizards
  2 quokka skeletons (D:2)
  5 rats (D:1)
44 creatures vanquished.

Notes
Turn   | Place    | Note
-------+----------+-------------------------------------------
     0 | D:1      | benadryl the Deep Elf Alchemist began the quest for the
                  | Orb.
     0 | D:1      | Reached XP level 1. HP: 10/10 MP: 6/6
   197 | D:1      | Reached skill level 4 in Spellcasting
   197 | D:1      | Reached XP level 2. HP: 15/15 MP: 3/9
   706 | D:1      | Reached XP level 3. HP: 19/19 MP: 9/11
  1001 | D:1      | Reached skill level 5 in Spellcasting
  1694 | D:2      | Found Letim's General Store.
  2043 | D:1      | Reached XP level 4. HP: 23/24 MP: 11/13
  2083 | D:1      | Mangled by a gnoll

Illustrated notes

Levels and vault maps discovered:
D:1:      sevenhm_arrival_forest_fort_large_4, layout_loops_ring,
          minmay_heptomino_o4
D:2:      layout_basic, dilly_ecumenical_altar_fadedgnrine, serial_shops,
          nicolae_lakefront_shop, nicolae_shop_just_a_little_nook, shop,
          serial_undead, serial_undead_b, serial_undead_a, serial_undead_c,
          serial_undead_a, uniq_sigmund

Skill      XL: |  1  2  3 |
---------------+----------+-----
Spellcasting   | 4 5 |  5.5
Dodging        | |  2.4
Stealth        | |  2.4
Conjurations   | |  1.8
Alchemy        | |  3.4

Action                     |  1- 3 |  4- 6 || total
---------------------------+-------+-------++-------
  Melee: Short sword       |    24 |     5 ||    29
         Punch             |     1 |       ||     1
   Cast: Sting             |    70 |     3 ||    73
    Use: Scroll            |     7 |       ||     7
         Potion            |       |     1 ||     1
 Armour: Robe              |    33 |     9 ||    42
  Dodge: Dodged            |    36 |     7 ||    43

Table legend: (Time is in decaauts)
 A = Elapsed time spent in this place.
 B = Non-inter-level travel time spent in this place.
 C = Inter-level travel time spent in this place.
 D = Time resting spent in this place.
 E = Time spent auto-exploring this place.
 F = Levels seen in this place.
 G = Mean time per level.
                   A        B        C        D        E       F      G
               +--------+--------+--------+--------+--------+-----+--------+
         Total |   2081 |   1926 |    155 |    640 |    916 |   2 | 1040.5 |
       Dungeon |   2081 |   1926 |    155 |    640 |    916 |   2 | 1040.5 |
               +--------+--------+--------+--------+--------+-----+--------+

Top non-repeatable levels by time:
     D:1: 1857 daAuts
     D:2: 224 daAuts
